 Dungeon Crawl Stone Soup version 0.16-a0-3855-gd2600ac (console) character file.

219 MrRokkomies the Skirmisher (level 5, 0/35 HPs)
             Began as a Gargoyle Berserker on Jan 31, 2015.
             Was a Priest of Trog.
             Slain by Menkaure (18 damage)
             ... on level 4 of the Dungeon.
             The game lasted 00:07:52 (2343 turns).

MrRokkomies the Skirmisher (Gargoyle Berserker)     Turns: 2343, Time: 00:07:52

Health: 0/35       AC: 14    Str: 21    XL:     5   Next: 96%
Magic:  5/5        EV: 11    Int:  7    God:    Trog [***...]
Gold:   193        SH:  0    Dex: 14    Spells: 0 memorised, 4 levels left

rFire  . . .     SeeInvis .     a - +1 mace
rCold  . . .     Clarity  .     m - +0 chain mail
rNeg   + . .     SustAb   .     (no shield)
rPois  ∞         Gourm    .     f - +1 helmet
rElec  +         Spirit   .     (no cloak)
rCorr  .         Warding  .     (no gloves)
rMut   .         Stasis   .     (no boots)
MR     .....                    (no amulet)
Stlth  ..........               l - +4 ring of dexterity
                                j - +3 ring of evasion

@: not resistant to hostile enchantments, extremely unstealthy
A: negative energy resistance 1, electricity resistance, unbreathing,
petrification resistance, rot immunity, AC +4
a: Burn Spellbooks, Berserk, Trog's Hand, Renounce Religion


You were on level 4 of the Dungeon.
You worshipped Trog.
Trog was most pleased with you.
You were very hungry.

You visited 1 branch of the dungeon, and saw 4 of its levels.

You collected 193 gold pieces.

Inventory:

Hand weapons
 a - a +1 mace (weapon)
Missiles
 d - 8 needles of paralysis
 e - 168 stones
 n - 2 throwing nets
 s - 2 tomahawks (quivered)
Armour
 f - a +1 helmet (worn)
 m - a +0 chain mail (worn)
Jewellery
 j - a +3 ring of evasion (left hand)
 l - a +4 ring of dexterity (right hand)
Scrolls
 g - 2 scrolls of blinking
 r - 2 scrolls of enchant weapon
 y - 2 scrolls of remove curse
Potions
 h - a potion of invisibility
 i - a potion of heal wounds
 o - 2 potions of might
 p - a potion of magic {unknown}
 t - 2 potions of curing {unknown}
 u - a potion of restore abilities {unknown}
 w - a potion of cure mutation {unknown}
 x - a potion of mutation {unknown}
Comestibles
 b - 9 fruits
 c - 5 bread rations
 q - 2 beef jerkies


   Skills:
 * Level 5.5 Fighting
 * Level 4.9 Maces & Flails
 - Level 2.1 Armour
 - Level 1.5 Dodging


You had 4 spell levels left.
You didn't know any spells.

Dungeon Overview and Level Annotations

Branches:
Dungeon (4/15)
 Temple: D:4-7

Altars:
Qazlal
Zin
The Shining One

Annotations:
D:4 Menkaure


Innate Abilities, Weirdness & Mutations

You are resistant to torment.
You are immune to poison.
Your stone body is very resilient (AC +4).
You resist negative energy.
You are resistant to electric shocks.
You can survive without breathing.
You are immune to petrification.
You are immune to rotting.


Message History

No target in view!
No target in view!
You see here a bat corpse.
You offer a prayer to Trog.
The bat corpse is consumed in a column of flame.
Trog is most pleased with you.
You are feeling very hungry.
Menkaure, Prince of Dust comes into view.
Menkaure shouts!
Menkaure calls on the powers of darkness!
Your body is wracked with pain!
There is a stone staircase leading up here.
Found a meat ration.
You start resting.
Use which ability? (? or * to list) You're too hungry to go berserk.
You hit Menkaure but do no damage. Menkaure hits you!
You hit Menkaure but do no damage. Menkaure hits you!!
Ouch! That really hurt!
You die...

.... .....# .. .....##
..### #.....## .M
....#####.....## ..#
........##.....## ...#
................##...##
................@#.....
..............<..M......#
.......#######....###..%
#...#### #...## ##...##
#...# ##...## ##..##
#....## #..##
#.....#####..#
#.......##..##


You could see Menkaure.

Vanquished Creatures
  A scorpion (D:3)
  A worker ant (D:3)
  Terence (D:3)
  A hound skeleton (D:3)
  4 adders (D:2)
  A giant mite (D:3)
  2 worms
  3 giant geckos (D:3)
  An orc (D:3)
  A ball python (D:1)
  13 bats
  3 giant cockroaches
  11 goblins
  6 hobgoblins
  6 jackals (D:2)
  4 kobolds
  4 giant newts
  10 rats
73 creatures vanquished.

Notes
Turn   | Place    | Note
--------------------------------------------------------------
     0 | D:1      | MrRokkomies, the Gargoyle Berserker, began the quest for the Orb.
     0 | D:1      | Reached XP level 1. HP: 14/14 MP: 1/1
   163 | D:1      | Reached XP level 2. HP: 10/19 MP: 2/2
   742 | D:2      | Reached skill level 4 in Fighting
   748 | D:2      | Acquired Trog's second power
   748 | D:2      | Reached XP level 3. HP: 24/24 MP: 3/3
  1016 | D:2      | Reached XP level 4. HP: 13/30 MP: 4/4
  1185 | D:2      | Found a glowing golden altar of the Shining One.
  1598 | D:3      | Reached skill level 5 in Fighting
  1634 | D:3      | Reached XP level 5. HP: 25/35 MP: 5/5
  1680 | D:3      | Found a glowing silver altar of Zin.
  1704 | D:3      | Noticed Terence
  1715 | D:3      | Killed Terence
  1722 | D:3      | Noticed an earth elemental
  1724 | D:3      | Found a stormy altar of Qazlal.
  1726 | D:3      | Noticed a fire elemental
  1726 | D:3      | Noticed a water elemental
  1726 | D:3      | Noticed an air elemental
  2334 | D:4      | Noticed Menkaure
  2343 | D:4      | Slain by Menkaure

Action                   |  1- 3 |  4- 6 || total
-------------------------+-------+-------++-------
Melee: Mace              |   141 |   123 ||   264
Invok: Burn Spellbooks   |       |     1 ||     1
  Use: Scroll            |     3 |     5 ||     8
  Eat: Chunk             |       |     4 ||     4
